 Dungeon Crawl Stone Soup version 0.30-a0-4-ga7cffc901d (webtiles) character file.

Game seed: 5611671160701327361

69 Setbun the Sneak (level 4, 0/25 HPs)
             Began as a Kobold Enchanter on Aug 20, 2022.
             Succumbed to an adder's poison
             ... on level 2 of the Dungeon.
             The game lasted 00:00:56 (1514 turns).

Setbun the Sneak (Kobold Enchanter)                 Turns: 1514, Time: 00:00:57

Health: 0/25       AC:  2    Str:  5    XL:     4   Next: 42%
Magic:  7/7        EV: 15    Int: 16    God:
Gold:   86         SH:  0    Dex: 17    Spells: 3/8 levels left

rFire   . . .      SeeInvis .    a - +1 dagger
rCold   . . .      Faith    .    (no shield)
rNeg    . . .      Spirit   .    b - +0 robe
rPois   .          Reflect  .    (no helmet)
rElec   .          Harm     .    (no cloak)
rCorr   .          Rampage  .    (no gloves)
Will    .....                    (no boots)
Stlth   ++++......               (no amulet)
HPRegen 0.08/turn                (no ring)
MPRegen 0.10/turn                (no ring)

@: lethally poisoned (0 -> -4)
A: small, no large weapons, nightstalker 3
a: no special abilities


You were on level 2 of the Dungeon.
You visited 1 branch of the dungeon, and saw 2 of its levels.

You collected 86 gold pieces.

Inventory:

Hand Weapons
 a - a +1 dagger (weapon)
Missiles
 f - 2 throwing nets (quivered)
Armour
 b - a +0 robe (worn)
Scrolls
 d - 2 scrolls of teleportation {unknown}
 g - a scroll of enchant armour {unknown}
Potions
 c - 2 potions of invisibility


   Skills:
 + Level 1.1 Fighting
 * Level 3.0 Short Blades
 + Level 2.9 Dodging
 + Level 4.5 Stealth
 + Level 2.5 Spellcasting
 + Level 3.3 Hexes


You had 3 spell levels left.
You knew the following spells:

 Your Spells              Type           Power      Damage    Failure   Level
a - Ensorcelled Hibernat  Hex/Ice        14%        N/A       16%         2
b - Confusing Touch       Hex            12%        N/A       14%         3

Your spell library contained the following spells:

 Spells                   Type           Power      Damage    Failure   Level
 Tukima's Dance           Hex            12%        N/A       14%         3
 Dazzling Flash           Conj/Hex       14%        N/A       30%         3
 Gell's Gravitas          Tloc           2%         N/A       52%         3
 Teleport Other           Tloc           2%         N/A       52%         3
 Dispersal                Tloc           1%         N/A       100%        6


Dungeon Overview and Level Annotations

Branches:
Dungeon (2/15)

Altars:


Innate Abilities, Weirdness & Mutations

You are small and have problems with some larger weapons.
You are completely attuned to the shadows.


Message History

You see here a rat corpse.
A gnoll comes into view. It is wielding a +0 whip.
A gnoll is nearby! 2 gnolls come into view.
Found 6 gold pieces.
A frilled lizard comes into view.
Found a war axe.
The helpless gnoll fails to defend itself.
You impale the gnoll!!
You kill the gnoll!
Your Fighting skill increases to level 1!
An adder comes into view.
The helpless gnoll fails to defend itself.
You impale the gnoll!!
You kill the gnoll!
The gnoll hits you from afar with a +0 spear!
Your Short Blades skill increases to level 3!
The adder closely misses you. The gnoll hits you with a +0 spear.
Things that are here:
a +0 whip; a gnoll corpse You are too injured to fight recklessly!
You are too injured to fight recklessly!
You are too injured to fight recklessly!
You are too injured to fight recklessly!
You are too injured to fight recklessly!
You are too injured to fight recklessly!
You are too injured to fight recklessly!
You are too injured to fight recklessly!
You are too injured to fight recklessly!
The gnoll hits you from afar with a +0 spear.
* * * LOW HITPOINT WARNING * * *
The adder closely misses you. The adder attacks as you move away!
The adder bites you.
* * * LOW HITPOINT WARNING * * *
You are lethally poisoned!
The adder poisons you!
* * * LOW HITPOINT WARNING * * *
You feel sick.
It was a potion of cancellation.
You feel magically purged.
You die...

.....##...#...#...#.†.#.#
#..#.##.#.#.#...#.#.#.#.#
........#...##.##...#..##
##...##.#.#.......#.#.#..
.....##...##.###.##...#..
###.###.#...........#.#
#.# .##.###.###.##.. #†#
#...............#
#.####.###.###@###l#
#...### ### #.Sg..# ###.#
#.....# ####)## #...).#
......# #..)..#
l.....#### #)......
.........########....##
.....###.......##...##
.#######........


You could see a gnoll and an adder.

Vanquished Creatures
  An adder (D:2)
  2 gnolls (D:2)
  6 bats
  3 giant cockroaches
  A goblin (D:1)
  4 hobgoblins
  3 kobolds
  4 quokkas
  5 ball pythons
  4 frilled lizards
  5 rats
38 creatures vanquished.

Notes
Turn   | Place    | Note
-------+----------+-------------------------------------------
     0 | D:1      | Setbun the Kobold Enchanter began the quest for the Orb.
     0 | D:1      | Reached XP level 1. HP: 10/10 MP: 3/3
   139 | D:1      | Reached XP level 2. HP: 15/15 MP: 5/5
   737 | D:1      | Found a faded altar of an unknown god.
   837 | D:1      | Reached XP level 3. HP: 16/20 MP: 6/6
  1453 | D:2      | Reached XP level 4. HP: 24/24 MP: 7/7
  1458 | D:2      | Learned a level 2 spell: Ensorcelled Hibernation
  1462 | D:2      | Learned a level 3 spell: Confusing Touch
  1508 | D:2      | Reached skill level 1 in Fighting
  1513 | D:2      | HP: 1/25 [poisoned by an adder]
  1514 | D:2      | Succumbed to an adder's poison

Illustrated notes

Levels and vault maps discovered:
D:1:      dpeg_arrival_signposts, layout_loops_ring,
          shapermc_ecumenical_altar_mp_urbaneastern, serial_forest,
          infiniplex_forest_clump_small, infiniplex_forest_clump_small,
          infiniplex_forest_straight_4, infiniplex_forest_zigzag_1,
          infiniplex_forest_zigzag_2, infiniplex_forest_straight_2,
          infiniplex_forest_lined_4_way, infiniplex_forest_3_way
D:2:      layout_basic, nicolae_concentric_dashed_squares_mild

Skill      XL: |  1  2  3  4 |
---------------+-------------+-----
Short Blades   | 2 3 |  3.0
Fighting       | 1 |  1.1
Dodging        | |  2.9
Stealth        | |  4.5
Spellcasting   | |  2.5
Hexes          | |  3.3

Action                   |  1- 3 |  4- 6 || total
-------------------------+-------+-------++-------
Melee: Dagger            |    69 |     4 ||    73
       Punch             |     1 |       ||     1
  Use: Potion            |       |     1 ||     1
 Stab: Sleeping          |    22 |     4 ||    26
Armor: Robe              |     4 |       ||     4
Dodge: Dodged            |    37 |     2 ||    39

Table legend: (Time is in decaauts)
 A = Elapsed time spent in this place.
 B = Non-inter-level travel time spent in this place.
 C = Inter-level travel time spent in this place.
 D = Time resting spent in this place.
 E = Time spent auto-exploring this place.
 F = Levels seen in this place.
 G = Mean time per level.
                   A        B        C        D        E       F      G
               +--------+--------+--------+--------+--------+-----+--------+
         Total |   1505 |   1496 |      9 |    186 |   1113 |   2 |  752.5 |
       Dungeon |   1505 |   1496 |      9 |    186 |   1113 |   2 |  752.5 |
               +--------+--------+--------+--------+--------+-----+--------+

Top non-repeatable levels by time:
     D:1: 1219 daAuts
     D:2: 285 daAuts
